 Dungeon Crawl Stone Soup version 0.28.0-43-g3370ac3207 (webtiles) character file.

Game seed: 9184885880651781595

1195 Zeld the Cleaver (level 8, -6/67 (71) HPs)
             Began as a Minotaur Berserker on Mar 7, 2022.
             Was a Believer of Trog.
             Mangled by a wight
             ... wielding a +2 short sword
              (11 damage)
             ... on level 5 of the Dungeon.
             The game lasted 00:04:29 (6371 turns).

Zeld the Cleaver (Minotaur Berserker)               Turns: 6371, Time: 00:04:29

HP:   -6/67 (71)    AC:  2    Str: 24    XL:     8   Next: 20%
MP:   7/7           EV: 13    Int:  4    God:    Trog [**....]
Gold: 148           SH:  0    Dex: 10    Spells: 7/7 levels left

rFire   . . .      SeeInvis .   a - +0 hand axe
rCold   . . .      Faith    .   (no shield)
rNeg    . . .      Spirit   .   b - +0 animal skin
rPois   .          Reflect  .   (helmet restricted)
rElec   .          Harm     .   (no cloak)
rCorr   .          Rampage  .   (no gloves)
Will    .....                   (no boots)
Stlth   +.........              (no amulet)
HPRegen 0.21/turn               (no ring)
MPRegen 0.10/turn               (no ring)

@: drained
A: horns 2, retaliatory headbutt
a: Renounce Religion, Berserk, Trog's Hand


You were on level 5 of the Dungeon.
You worshipped Trog.
Trog was pleased with you.
You visited 2 branches of the dungeon, and saw 7 of its levels.

You collected 223 gold pieces.
You spent 75 gold pieces at shops.

Inventory:

Hand Weapons
 a - a +0 hand axe (weapon)
Armour
 b - a +0 animal skin (worn)
Wands
 q - a wand of flame (25)
Scrolls
 c - a scroll of amnesia {unknown}
 d - 4 scrolls of blinking {unknown}
 e - a scroll of magic mapping {unknown}
 f - 2 scrolls of identify {unknown}
 g - a scroll of fear {unknown}
 k - 2 scrolls of noise {unknown}
 m - a scroll of holy word {unknown}
 o - 2 scrolls of fog {unknown}
Potions
 h - a potion of haste {unknown}
 i - a potion of invisibility {unknown}
 j - 3 potions of heal wounds {unknown}
 l - a potion of cancellation {unknown}
 n - a potion of attraction {unknown}
 p - a potion of degeneration {unknown}


   Skills:
 + Level 6.4 Fighting
 * Level 8.3 Axes
 + Level 5.7 Armour
 + Level 5.2 Dodging


You had 7 spell levels left.
You didn't know any spells.
Your spell library was empty.

Dungeon Overview and Level Annotations

Branches:
Dungeon (6/15)             Temple (1/1) D:5

Altars:
Ashenzari
Cheibriados
Dithmenos
Elyvilon
Fedhas
Gozag
Hepliaklqana
Kikubaaqudgha
Makhleb
Nemelex Xobeh
Okawaru
Qazlal
Ru
Vehumet
Wu Jian
Zin
The Shining One

Shops:
D:1 =([**

Annotations:
D:4 Dowan


Innate Abilities, Weirdness & Mutations

You have a pair of horns on your head.
You reflexively headbutt those who attack you in melee.


Message History

There is a stone staircase leading up here.
You barely miss the gnoll. Your headbutt misses the gnoll.
You barely miss the kobold. The gnoll hits you with a +0 flail!
The kobold closely misses you.
Unknown command.
You slash the gnoll! You headbutt the gnoll.
You kill the gnoll!
Trog accepts your kill.
You hit the kobold. The kobold closely misses you.
Unknown command.
You hit the kobold.
You kill the kobold!
Trog accepts your kill.
You barely miss the gnoll. The gnoll completely misses you.
You barely miss the wight. Your headbutt misses the wight. You hit the gnoll.
You barely miss the gnoll. The wight hits you with a +0 battleaxe!
The gnoll misses you.
Unknown command.
You hit the gnoll.
You kill the gnoll!
Trog accepts your kill.
You hit the wight. You barely miss the gnoll.
The gnoll hits you with a +0 whip! The wight misses you.
The wight hits you from afar with a +3 trident!
You are too injured to fight recklessly!
The gnoll hits you with a +0 whip.
The wight hits you with a +2 short sword!
* * * LOW HITPOINT WARNING * * *
You feel drained.
* * * LOW HITPOINT WARNING * * *
The wight hits you with a +0 battleaxe.
* * * LOW HITPOINT WARNING * * *
You feel drained.
* * * LOW HITPOINT WARNING * * *
The wight completely misses you.
You climb upwards.
There is a stone staircase leading down here.
Unknown command.
The wight hits you with a +2 short sword!
You die...

...###...)###..#......#..........
...........#.....................
.....#####.........#...<.........
#.#### #........##.............
#.#.# ##........##......)...#..
....#####.........##.........[#..
.....#.............#.........##..
.....#.......................##.#
................@.....#......#..#
.......#......zgz....###.##......
......###.....÷.....###..###..##.
..÷...# ##..............## ##.#..
......#####..............# #....
......##.............<..## #.#..
......................#..####....
.#..............#....##..##......
##..............##.###.........#.


You could see 2 wights and a gnoll.

Vanquished Creatures
  A steam dragon (D:5)
  2 water moccasins (D:5)
  An orc warrior (D:4)
  A necrophage (D:5)
  A hornet zombie (D:5)
  An ogre (D:5)
  A phantom (D:5)
  A bullfrog zombie (D:5)
  A hound (D:5)
  A centaur skeleton (D:4)
  Natasha (thrice) (D:2)
  2 iguanas (D:5)
  An orc wizard (D:4)
  2 gnolls (D:6)
  A howler monkey skeleton (D:4)
  8 adders
  A white imp (D:5)
  3 worms
  A dart slug (D:3)
  4 orcs
  2 bats
  5 endoplasms (D:1)
  3 giant cockroaches
  7 goblins
  A hobgoblin (D:1)
  A quokka (D:1)
  11 ball pythons
  2 frilled lizards (D:1)
  13 kobolds
  7 rats
89 creatures vanquished.

Notes
Turn   | Place    | Note
-------+----------+-------------------------------------------
     0 | D:1      | Zeld the Minotaur Berserker began the quest for the Orb.
     0 | D:1      | Reached XP level 1. HP: 19/19 MP: 0/0
    12 | D:1      | Found Hemos's Assorted Antiques.
   113 | D:1      | Found Sikeneg's Antique Armour Shop.
   119 | D:1      | Found Icrebb's Weapon Emporium.
   220 | D:1      | Found Ostirghott's Jewellery Emporium.
   349 | D:1      | Reached XP level 2. HP: 26/27 MP: 1/1
   364 | D:1      | Found Cuotoqi's General Store.
   368 | D:1      | Reached skill level 4 in Axes
   401 | D:1      | Found a faded altar of an unknown god.
   673 | D:1      | Reached ** piety under Trog
  1071 | D:1      | Reached XP level 3. HP: 30/33 MP: 2/2
  1187 | D:1      | Bought a scroll labelled QUUHUMMU HESCHI for 25 gold pieces
  1187 | D:1      | Bought a scroll labelled PAIBRUM IVIJI for 25 gold pieces
  1187 | D:1      | Bought a scroll labelled RAASAF ECEDE for 25 gold pieces
  1277 | D:2      | Noticed Natasha
  1286 | D:2      | Killed Natasha
  1430 | D:2      | Noticed Natasha
  1442 | D:2      | Killed Natasha
  1443 | D:2      | Reached XP level 4. HP: 38/40 MP: 3/3
  1547 | D:2      | Noticed Natasha
  1552 | D:2      | Killed Natasha
  1553 | D:2      | Reached skill level 5 in Axes
  2364 | D:3      | Reached XP level 5. HP: 35/47 MP: 4/4
  2537 | D:3      | Found a sacrificial altar of Ru.
  2538 | D:3      | Found an ornate altar of the Wu Jian Council.
  2916 | D:3      | Reached *** piety under Trog
  3273 | D:4      | Noticed an orc warrior
  3276 | D:4      | Noticed Dowan
  3288 | D:4      | Killed an orc warrior
  3289 | D:4      | Reached skill level 5 in Fighting
  3289 | D:4      | Reached skill level 6 in Axes
  3289 | D:4      | Reached XP level 6. HP: 30/56 MP: 5/5
  3698 | D:5      | Entered Level 5 of the Dungeon
  3795 | D:5      | Noticed a water moccasin
  3803 | D:5      | Killed a water moccasin
  4105 | D:5      | HP: 2/56 [adder (4)]
  4110 | D:5      | HP: 2/56 [poisoned by an adder]
  4228 | D:5      | Reached XP level 7. HP: 52/61 MP: 6/6
  4355 | D:5      | Found a staircase to the Ecumenical Temple.
  4364 | D:5      | Reached skill level 7 in Axes
  4521 | Temple   | Entered the Ecumenical Temple
  5183 | D:5      | Reached skill level 5 in Armour
  5270 | D:5      | Found a sparkling altar of Nemelex Xobeh.
  5284 | D:5      | Noticed a steam dragon
  5295 | D:5      | Killed a steam dragon
  5625 | D:5      | Reached skill level 8 in Axes
  5625 | D:5      | Reached skill level 5 in Dodging
  5625 | D:5      | Reached XP level 8. HP: 70/70 MP: 7/7
  6371 | D:5      | Mangled by a wight

Illustrated notes

Levels and vault maps discovered:
D:1:      roderic_crossed_star, layout_loops_cross, serial_shops, shop,
          nicolae_shop_trees, nicolae_shop_trees, shop_statue,
          nicolae_shop_advertising_works [nicolae_subvault_shop_adworks],
          nicolae_ecumenical_snake_handling,
          wander_ebering_terrifying_dragon_lair
D:2:      layout_basic, uniq_natasha
D:3:      layout_loops_ring, minitemple
D:4:      kennysheep_goblin_castle, layout_layer_cave,
          nzn_overflow_gifts_of_might_and_magic,
          gammafunk_temple_overflow_pools, serial_rivers,
          chequers_serial_rivers_small_3, chequers_serial_rivers_room_b,
          chequers_serial_rivers_room_b, chequers_serial_rivers_small_3,
          chequers_serial_rivers_micro_b, guppyfry_shop_venom, uniq_pikel,
          uniq_edmund
D:5:      layout_cave_pools, nemelex_spade_bored_becter,
          minmay_temple_entry_tees
D:6:      layout_rooms, old_standard_altar
Temple:   eino_narrow_crystal_temple

Skill      XL: |  1  2  3  4  5  6  7 |
---------------+----------------------+-----
Axes           | 4 5 6 8 |  8.3
Fighting       | 4 5 6 |  6.4
Armour         | 3 4 5 |  5.7
Dodging        | 3 4 5 |  5.2

Action                   |  1- 3 |  4- 6 |  7- 9 || total
-------------------------+-------+-------+-------++-------
Melee: Hand axe          |    58 |   105 |    67 ||   230
       Headbutt          |    11 |    18 |     9 ||    38
       Punch             |       |       |     2 ||     2
Invok: Berserk           |     2 |     3 |     2 ||     7
       Trog's Hand       |       |     3 |       ||     3
 Stab: Sleeping          |       |     1 |       ||     1
Armor: Animal skin       |     9 |    14 |     8 ||    31
Dodge: Dodged            |    51 |    63 |    56 ||   170
